 Dungeon Crawl Stone Soup version 0.30-a0-210-g01b79a254e (webtiles) character file.

Game seed: 9525478106994978307

19391 mdonais the Severer (level 13, -11/118 HPs)
             Began as a Meteoran Gladiator on Oct 4, 2022.
             Was an Elder of the Shining One.
             Mangled by a quicksilver ooze (17 damage)
             ... on level 5 of the Lair of Beasts.
             The game lasted 00:37:27 (3846 turns).

mdonais the Severer (Meteoran Gladiator)            Turns: 3846, Time: 00:37:28

Health: -11/118    AC: 14    Str: 20 (21) XL:     13   Next: 32%
Magic:  1/20       EV: 16    Int:  7 (10) God:    the Shining One [****..]
Gold:   725        SH:  9    Dex: 14 (16) Spells: 12/12 levels left

rFire   . . .      SeeInvis .    a - +2 battleaxe
rCold   . . .      Faith    .    (shield currently unavailable)
rNeg    + + .      Spirit   .    k - +3 scale mail
rPois   .          Reflect  .    R - +2 hat
rElec   .          Harm     .    W - +0 cloak
rCorr   .          Rampage  .    (no gloves)
Will    +....                    (no boots)
Stlth   ..........               r - amulet of the acrobat
HPRegen 0.39/turn                y - +4 ring of slaying
MPRegen 0.17/turn                g - +4 ring of evasion

@: divinely shielded, engulfed (cannot breathe), glowing
A: sense surroundings 2, otherworldly, glowing, explore regen
a: Renounce Religion, Divine Shield, Cleansing Flame


You were on level 5 of the Lair of Beasts.
You worshipped the Shining One.
The Shining One was greatly pleased with you.
You visited 2 branches of the dungeon, and saw 14 of its levels.
You also visited: Ossuary.

You collected 779 gold pieces.
You spent 54 gold pieces at shops.

Inventory:

Hand Weapons
 a - a +2 battleaxe (weapon)
   (You took it off a wight on level 8 of the Dungeon)
 b - a +1 vorpal shortbow
   (You took it off a centaur on level 7 of the Dungeon)
 P - a +6 morningstar
   (You took it off a wight on level 8 of the Dungeon)
 V - a +2 hand axe of venom
   (You took it off an orc on level 4 of the Dungeon)
Missiles
 t - 9 boomerangs
 v - a javelin (quivered)
 F - a curare-tipped dart
 U - 8 poisoned darts
 Z - 2 throwing nets {=!f}
Armour
 k - a +3 scale mail (worn)
   (You found it on level 2 of the Dungeon)
 p - a +2 leather armour of cold resistance
   (You took it off Eustachio on level 6 of the Dungeon)
 H - +0 steam dragon scales
   (You took it off Maggie on level 7 of the Dungeon)
 R - a +2 hat (worn)
   (You took it off Gastronok on level 1 of the Lair of Beasts)
 W - a +0 cloak (worn)
   (You found it on level 1 of the Lair of Beasts)
Jewellery
 f - a ring of protection from fire
   (You found it on level 8 of the Dungeon)
 g - a +4 ring of evasion (right hand)
   (You found it on level 5 of the Lair of Beasts)
 r - an amulet of the acrobat (around neck)
   (You found it on level 9 of the Dungeon)
 y - a +4 ring of slaying (left hand)
   (You found it on level 7 of the Dungeon)
Scrolls
 c - a scroll of silence {unknown}
 e - 2 scrolls of immolation
 h - a scroll of noise
 j - a scroll of vulnerability
 n - 2 scrolls of enchant weapon
 q - 2 scrolls of poison
 A - 2 scrolls of fear
 I - a scroll of enchant armour
 L - a scroll of amnesia {unknown}
 M - a scroll of magic mapping
 S - 4 scrolls of fog
 T - 4 scrolls of teleportation
Potions
 i - a potion of attraction {unknown}
 l - a potion of flight
 o - 3 potions of mutation
 u - 2 potions of magic {unknown}
 w - a potion of might {unknown}
 J - a potion of degeneration
 N - a potion of brilliance
 O - a potion of resistance {unknown}


   Skills:
 + Level 12.2 Fighting
 + Level 16.2 Axes
 - Level 5.0 Throwing
 + Level 7.6 Armour
 + Level 5.8 Dodging
 - Level 9.0 Invocations
 - Level 3.0 Evocations


You had 12 spell levels left.
You didn't know any spells.
Your spell library contained the following spells:

 Spells                   Type           Power      Damage    Failure   Level
 Kiss of Death            Conj/Necr      0%         2d5       75%         1
 Blink                    Tloc           0%         N/A       87%         2
 Momentum Strike          Conj/Tloc      0%         3d8       87%         2
 Static Discharge         Conj/Air       0%         2-2/arc   87%         2
 Confusing Touch          Hex            0%         N/A       98%         3
 Lesser Beckoning         Tloc           0%         N/A       98%         3
 Ozocubu's Armour         Ice            0%         N/A       98%         3
 Vhi's Electric Charge    Tloc/Air       0%         N/A       98%         3
 Dispel Undead            Necr           0%         3d6       100%        4
 Arcjolt                  Conj/Air       0%         1d10      100%        5
 Lightning Bolt           Conj/Air       0%         1d11      100%        5
 Metabolic Englaciation   Hex/Ice        0%         N/A       100%        5
 Simulacrum               Ice/Necr       0%         N/A       100%        6


Dungeon Overview and Level Annotations

Branches:
Dungeon (9/15) Zot: 2662   Temple (0/1) D:5            Lair (5/5) D:9 Zot: 2056
  Swamp (0/4) Lair:2        Slime (0/5) Lair:5      Ossuary (visited)
  Snake: Lair:2-3    Spider: Lair:2-3       Orc: D:9-12

Altars:
Cheibriados
Dithmenos
Gozag
Hepliaklqana
Kikubaaqudgha
Okawaru
Ru
The Shining One
Jiyva

Shops:
D:3 *   D:7 (


Innate Abilities, Weirdness & Mutations

You passively map the area around you.
You are easily found by Zot.
You glow in the dark.
You regain HP and MP as you explore.


Message History

The spriggan rider is poisoned.
The spriggan rider convulses.
The spriggan rider seems to slow down.
The spriggan rider is lightly wounded.
The spriggan rider hits you from afar with a +0 spear!
You take 12 damage, and have 61/118 hp.
A water moccasin comes into view.
The spriggan rider closely misses you.
The water moccasin moves out of view.
Items here: ) [ †††.
You closely miss the spriggan rider.
The spriggan rider is lightly wounded.
The dream sheep ruffle their wool and motes of dream dust sparkle, to no effect.
You barely miss the spriggan rider.
The spriggan rider is moderately wounded.
The spriggan rider hits you with a +0 spear.
You take 1 damage, and have 61/118 hp.
You closely miss the spriggan rider.
The spriggan rider is moderately wounded.
A hornet comes into view.
The dream sheep shake their wool and sparkle.
You feel drowsy...
You fall asleep.
The hornet buzzes angrily.
You hear an angry hiss.
The spriggan rider barely misses you.
A spriggan comes into view. It is wielding a +0 short sword.
The spriggan rider hits you with a +0 spear!!!
You wake up.
* * * LOW HITPOINT WARNING * * *
The spriggan shouts!
You take 36 damage, and have 25/118 hp.
MASSIVE DAMAGE!!
As you read the scroll of teleportation, it crumbles to dust.
You feel strangely unstable.
The spriggan rider hits you with a +0 spear!
* * * LOW HITPOINT WARNING * * *
You take 14 damage, and have 11/118 hp.
The spriggan misses you.
The spriggan rider is no longer moving slowly.
A hornet comes into view.
The spriggan completely misses you.
The dream sheep ruffle their wool and motes of dream dust sparkle, to no effect.
Your surroundings suddenly seem different.
e - 2 scrolls of immolation (gained 1)
You regained 3 hp, and now have 18/118 hp.
You regained 3 hp, and now have 21/118 hp.
A jelly comes into view.
You regained 2 hp, and now have 23/118 hp.
Throw: javelin
Press: ? - help, Q - select action, (/) - cycle Shift-Dir - straight line, f - jelly
Aim: a jelly (haloed, 97% to hit)
You throw a javelin. The javelin pierces through the fungus!
The fungus begins to die.
The fungus is lightly damaged.
The javelin pierces through the jelly!
The jelly is almost dead.
You hit the jelly.
You kill the jelly!
You slice the fungus!!
The fungus begins to die.
A nearby fungus withers and dies.
A nearby fungus withers and dies.
A water moccasin comes into view.
You regained 3 hp, and now have 31/118 hp.
You see here a javelin.
You regained 3 hp, and now have 34/118 hp.
v - a javelin A jelly, a slime creature and a quicksilver ooze come into view.
Found 4 poisoned darts.
The slime creature quivers.
The quicksilver ooze quivers.
The water moccasin completely misses you.
The water moccasin bites you.
You regained 6 hp, and now have 40/118 hp.
The water moccasin attacks as you move away!
The water moccasin bites you.
The water moccasin completely misses you.
You are too injured to fight recklessly!
You are too injured to fight recklessly!
You completely miss the water moccasin. The water moccasin barely misses you.
You slash the water moccasin!
The water moccasin is heavily wounded.
The water moccasin completely misses you.
You closely miss the water moccasin.
The water moccasin is heavily wounded.
The water moccasin completely misses you.
A divine shield forms around you!
The water moccasin completely misses you.
You block the quicksilver ooze's attack.
The quicksilver ooze hits you.
You feel your power leaking away. The water moccasin bites you.
You take 1 damage, and have 40/118 hp.
You now have 7/20 mp.
Activating: Cleansing Flame (12% risk of failure)
Press: ? - help, Dir - look around, f - activate The golden flame engulfs you but does no damage.
You resist.
The golden flame engulfs the water moccasin.
The water moccasin is severely wounded.
The golden flame engulfs the quicksilver ooze!!
The quicksilver ooze is heavily wounded.
The golden flame engulfs the slime creature.
The slime creature is lightly wounded.
The quicksilver ooze hits you. The quicksilver ooze engulfs you!
The quicksilver ooze hits you.
You feel your power leaking away. The water moccasin closely misses you.
You take 1 damage, and have 39/118 hp.
You now have 0/20 mp.
You slip free of the ooze engulfing you.
The quicksilver ooze attacks as you move away!
The quicksilver ooze hits you.
* * * LOW HITPOINT WARNING * * *
The quicksilver ooze hits you.
* * * LOW HITPOINT WARNING * * *
You gasp with relief as air once again reaches your lungs.
The quicksilver ooze completely misses you.
The quicksilver ooze hits you but does no damage.
You take 9 damage, and have 30/118 hp.
You slash the quicksilver ooze!
The quicksilver ooze is severely wounded.
The quicksilver ooze hits you!!
* * * LOW HITPOINT WARNING * * *
The quicksilver ooze engulfs you!
The quicksilver ooze completely misses you.
The water moccasin misses you.
A slime creature comes into view.
You take 17 damage, and have 13/118 hp.
It was a potion of degeneration.
There was something very wrong with that liquid.
You feel weakened.
You feel dopey.
You feel clumsy.
* * * LOW HITPOINT WARNING * * *
Your lungs strain for air!
You block the quicksilver ooze's attack.
The quicksilver ooze closely misses you.
The water moccasin bites you.
* * * LOW HITPOINT WARNING * * *
You block the quicksilver ooze's attack.
The quicksilver ooze closely misses you.
A jelly comes into view.
You take 7 damage, and have 6/118 hp.
You cannot read scrolls while unable to breathe!
Unknown command.
Unknown command.
Okay, then.
You aren't carrying any items that you can evoke.
You feel better.
* * * LOW HITPOINT WARNING * * *
Your lungs strain for air!
The quicksilver ooze misses you.
The quicksilver ooze hits you but does no damage.
You block the water moccasin's attack.
You feel better.
* * * LOW HITPOINT WARNING * * *
Your lungs strain for air!
The quicksilver ooze hits you!
You die...

,
....,,,##..###..#.⌠.####..
, ,, #....
*#..####....#+##....
*#..J#*##.##........#.....
*
#...J####.÷.......#......
#.....#.##......#.PP.P.##
* #..............##.P..###
#......JJ.....##....## **
#....###JS..#.#......#
##..#* #@..###.....### **
* * #..J,**#...###.....# *
#...,, *##..P......## #.J
, ##........P## , , (.. ,
#.........## , **
#.......### * * **
##..##### * ** * #### *


You could see 2 slime creatures, a quicksilver ooze, a water moccasin and 2
jellies.

Vanquished Creatures
  Gastronok (Lair:1)
  A hydra (Lair:5)
  A two-headed ogre (D:8)
  A death yak (D:9)
  Pikel (D:6)
  2 black mambas
  A torpor snail (Lair:4)
  5 cane toads
  4 komodo dragons
  A rime drake (Lair:3)
  Maggie (D:7)
  A troll (D:9)
  2 hornets
  4 blink frogs (Lair:5)
  2 polar bears (Lair:5)
  3 dream sheep (Lair:5)
  A shadow (D:9)
  3 wyverns
  3 spriggans (Lair:5)
  2 steam dragons
  8 yaks
  3 basilisks
  Eustachio (D:6)
  4 vampire mosquitoes (Lair:2)
  8 water moccasins
  Duvessa (D:5)
  2 ice beasts (D:8)
  An orc warrior (D:9)
  2 black bears
  3 ogres
  A boggart (Lair:5)
  5 wolves (Lair:5)
  A centaur (D:7)
  2 lemures (D:6)
  3 phantoms
  A kobold brigand (D:7)
  4 bullfrogs
  A scorpion (D:6)
  26 wights
  Dowan (D:5)
  2 electric eels
  A howler monkey (D:5)
  3 hounds
  2 jellies
  2 orc priests
  A gnoll bouda (D:6)
  Ijyb (D:5)
  4 hell rats (D:9)
  6 orc wizards
  9 mummies
  3 gnolls (D:6)
  7 adders
  3 river rats (D:9)
  2 shadow imps
  2 white imps (D:6)
  A dart slug (D:4)
  34 orcs
  3 ball pythons
  3 bats
  6 endoplasms
  4 giant cockroaches
  A gnoll zombie (Ossuary)
  6 hobgoblins
  2 jackals (D:1)
  9 kobolds
  4 quokkas
  A frilled lizard (D:3)
  2 goblins
  2 hobgoblin zombies (Ossuary)
  5 kobold zombies
  2 orc zombies (Ossuary)
  2 rats
  A bush (D:4)
254 creatures vanquished.

Vanquished Creatures (collateral kills)
  2 death yaks (D:8)
2 creatures vanquished.

Vanquished Creatures (others)
  11 fungi
  10 plants
21 creatures vanquished.

Grand Total: 277 creatures vanquished

Notes
Turn   | Place    | Note
-------+----------+-------------------------------------------
     0 | D:1      | mdonais the Meteoran Gladiator began the quest for the Orb.
     0 | D:1      | Reached XP level 1. HP: 17/17 MP: 2/2
    32 | D:1      | Reached XP level 2. HP: 20/25 MP: 3/3
   179 | D:2      | Reached skill level 4 in Axes
   179 | D:2      | Reached XP level 3. HP: 18/31 MP: 4/4
   293 | D:2      | Reached XP level 4. HP: 26/39 MP: 5/5
   338 | D:2      | Found a faded altar of an unknown god.
   346 | D:2      | Got Plato's Tome of Bolts
   479 | D:3      | Found Gocvuerch's Assorted Antiques.
   482 | D:3      | Bought a scroll labelled QIRCHA ZIDISM for 27 gold pieces
   512 | D:3      | Bought a scroll labelled WOENWU YNEDUEW for 27 gold pieces
   575 | D:3      | Reached skill level 1 in Armour
   600 | D:3      | Noticed a phantom
   608 | D:3      | Killed a phantom
   609 | D:3      | Reached XP level 5. HP: 35/47 MP: 6/6
   662 | D:4      | Found a glowing golden altar of the Shining One.
   662 | D:4      | Found an ancient bone altar of Kikubaaqudgha.
   669 | D:4      | Reached XP level 6. HP: 53/53 MP: 7/7
   703 | D:4      | Noticed an ogre
   714 | D:4      | Killed an ogre
   715 | D:4      | Reached skill level 5 in Fighting
   715 | D:4      | Reached skill level 5 in Axes
   734 | D:4      | Reached XP level 7. HP: 56/62 MP: 8/8
   870 | D:4      | Found a snail-covered altar of Cheibriados.
   872 | D:4      | Became a worshipper of the Shining One
   966 | D:5      | Entered Level 5 of the Dungeon
   991 | D:5      | Found a staircase to the Ecumenical Temple.
   994 | D:5      | Noticed Duvessa
   995 | D:5      | Noticed Dowan
  1007 | D:5      | Killed Dowan
  1010 | D:5      | Killed Duvessa
  1071 | D:5      | Noticed Ijyb
  1090 | D:5      | Killed Ijyb
  1173 | D:5      | Reached XP level 8. HP: 65/71 MP: 9/9
  1242 | D:5      | Reached skill level 6 in Axes
  1242 | D:5      | Reached skill level 1 in Evocations
  1416 | D:6      | The Shining One protects you from harm!
  1437 | D:6      | Reached * piety under the Shining One
  1476 | D:6      | Noticed a steam dragon
  1477 | D:6      | Noticed Eustachio
  1487 | D:6      | Killed a steam dragon
  1488 | D:6      | Reached skill level 7 in Axes
  1496 | D:6      | Killed Eustachio
  1497 | D:6      | Gained mutation: You passively map the area around you.
                  | [Meteoran growth]
  1497 | D:6      | Reached XP level 9. HP: 11/81 MP: 10/10
  1540 | D:6      | Found a hazy altar of Hepliaklqana.
  1612 | D:6      | Reached skill level 8 in Axes
  1777 | D:6      | Reached skill level 9 in Axes
  1808 | D:7      | Noticed Pikel
  1808 | D:7      | Reached ** piety under the Shining One
  1813 | D:7      | Noticed Maggie
  1828 | D:6      | Killed Pikel
  1887 | D:7      | Reached XP level 10. HP: 72/92 MP: 11/11
  1926 | D:7      | Reached skill level 1 in Invocations
  1948 | D:7      | Found Oviziek's Weapon Shop.
  1980 | D:7      | Found a sacrificial altar of Ru.
  2036 | D:7      | Killed Maggie
  2046 | D:7      | Reached skill level 10 in Axes
  2173 | D:8      | Found a sand-covered staircase.
  2180 | Ossuary  | Entered an ossuary
  2206 | Ossuary  | Reached *** piety under the Shining One
  2209 | Ossuary  | Reached skill level 10 in Fighting
  2399 | D:9      | Noticed a death yak
  2402 | D:9      | Noticed a death yak
  2407 | D:9      | Noticed a death yak
  2419 | D:8      | Killed a death yak
  2420 | D:8      | Reached skill level 5 in Armour
  2420 | D:8      | Reached skill level 5 in Dodging
  2421 | D:8      | Killed a death yak
  2422 | D:8      | Reached skill level 5 in Throwing
  2422 | D:8      | Reached skill level 5 in Invocations
  2460 | D:8      | Reached XP level 11. HP: 32/101 MP: 14/16
  2531 | D:8      | Reached **** piety under the Shining One
  2573 | D:8      | Found a shadowy altar of Dithmenos.
  2574 | D:8      | Found an iron altar of Okawaru.
  2574 | D:8      | Found an opulent altar of Gozag.
  2577 | D:8      | Noticed a two-headed ogre
  2584 | D:8      | Reached skill level 11 in Axes
  2584 | D:8      | Killed a two-headed ogre
  2620 | D:9      | Paralysed by a hornet for 3 turns
  2760 | D:9      | Killed a death yak
  2761 | D:9      | Reached skill level 12 in Axes
  2873 | D:9      | Found a staircase to the Lair.
  2905 | Lair:1   | Entered Level 1 of the Lair of Beasts
  2905 | Lair:1   | Noticed Gastronok
  2920 | Lair:1   | Killed Gastronok
  2921 | Lair:1   | Reached XP level 12. HP: 67/112 MP: 19/19
  3124 | Lair:2   | Reached skill level 13 in Axes
  3189 | Lair:2   | Found a staircase to the Swamp.
  3320 | Lair:3   | Noticed a six-headed hydra
  3327 | Lair:3   | HP: 3/112 [six-headed hydra (7)]
  3333 | Lair:3   | You fall into a shaft and drop 2 floors!
  3333 | Lair:5   | Entered Level 5 of the Lair of Beasts
  3384 | Lair:5   | Reached skill level 14 in Axes
  3438 | Lair:5   | Noticed a five-headed hydra
  3452 | Lair:5   | Killed a five-headed hydra
  3458 | Lair:5   | Reached skill level 15 in Axes
  3621 | Lair:5   | Reached XP level 13. HP: 100/118 MP: 20/20
  3689 | Lair:5   | Found a viscous altar of Jiyva.
  3690 | Lair:5   | Found a staircase to the Slime Pits.
  3701 | Lair:5   | Reached skill level 16 in Axes
  3782 | Lair:5   | Noticed a six-headed hydra
  3834 | Lair:5   | Noticed a quicksilver ooze
  3846 | Lair:5   | HP: 5/118 [drowned by a quicksilver ooze (6)]
  3846 | Lair:5   | Mangled by a quicksilver ooze

Illustrated notes

Levels and vault maps discovered:
D:1:      dreamdust_arrival_beginning_and_end, layout_basic
D:2:      layout_rooms, shapermc_ecumenical_altar_rom_forum, minmay_diced_spiral
D:3:      layout_loops_ring, serial_shops, nicolae_shop_behind_doors,
          serial_bayou_lagoon_b
D:4:      layout_rooms, gammafunk_temple_overflow_forgotten
D:5:      layout_basic, minmay_temple_entry_drinking_statues,
          minmay_misc_feat_hallway, uniq_grinder, uniq_ijyb, uniq_duvessa
D:6:      layout_loops_corners, grunt_temple_overflow_open,
          kennysheep_windowed_goal, uniq_eustachio
D:7:      layout_gridville, kennysheep_mini_moat, nicolae_stop_n_shop_1,
          uniq_crazy_yiuf_cottage, uniq_pikel, uniq_maggie
D:8:      layout_basic, chequers_temple_overflow_statue_of_worship,
          nicolae_ossuary_entry_giza, kennysheep_diamond
D:9:      layout_rooms, dpeg_lair_monsters
Lair:1:   layout_concentric_octagons, hibernation_bobbens, uniq_gastronok
Lair:2:   layout_regular_city, minmay_swamp_entry_swarm
Lair:3:   layout_gridlike, spider_nest_entry_a, cheibrodos_lair_caveside_slide,
          lemuel_centaur_altar, serial_bayou_shore_b, grunt_megastairs_1,
          lemuel_fruit_tree
Lair:4:   layout_loops_ring, serial_forest, infiniplex_forest_clump_medium,
          infiniplex_forest_end_1, infiniplex_forest_clump_small,
          infiniplex_forest_clump_cross, infiniplex_forest_straight_3,
          infiniplex_forest_clump_diagonal, infiniplex_forest_lined_room_2,
          infiniplex_forest_end_2, infiniplex_forest_lined_ring, uniq_kirke
Lair:5:   minmay_lair_end_enchanted_forest, layout_concentric_octagons,
          dpeg_slime_entry_enclosed, nicolae_lair_time_for_slime,
          grunt_megastairs_5, infiniplex_staircase_pool, serial_bayou_shore_b

Skill      XL: |  1  2  3  4  5  6  7  8  9 10 11 12 13 |
---------------+----------------------------------------+-----
Fighting       | 3 4 5 6 7 9 10 12 | 12.2
Axes           | 4 5 7 9 10 12 15 16 | 16.2
Armour         | 1 2 3 4 5 7 |  7.6
Evocations     | 3 |  3.0
Invocations    | 5 9 |  9.0
Throwing       | 5 |  5.0
Dodging        | 5 |  5.8

Action                   |  1- 3 |  4- 6 |  7- 9 | 10-12 | 13-15 || total
-------------------------+-------+-------+-------+-------+-------++-------
Melee: War axe           |    53 |    89 |    30 |       |       ||   172
       Punch             |     1 |     1 |     6 |     3 |       ||    11
       Hand axe          |       |       |   242 |   116 |       ||   358
       Battleaxe         |       |       |       |   179 |    72 ||   251
       Morningstar       |       |       |       |     8 |       ||     8
 Fire: Shortbow          |       |       |       |     2 |       ||     2
Throw: Dart              |       |       |    13 |    10 |     2 ||    25
       Throwing net      |       |       |     1 |     2 |       ||     3
       Boomerang         |       |       |       |     1 |       ||     1
       Javelin           |       |       |       |       |     1 ||     1
Invok: Divine Shield     |       |       |       |     5 |     1 ||     6
       Cleansing Flame   |       |       |       |     5 |     1 ||     6
Evoke: Wand              |       |       |     4 |     2 |       ||     6
  Use: Scroll            |       |     7 |     5 |     4 |     1 ||    17
       Potion            |       |     2 |     6 |     3 |     3 ||    14
Armor: Leather armour    |    19 |       |       |       |       ||    19
       Scale mail        |     8 |    49 |    85 |   107 |    33 ||   282
       Skin              |       |    21 |       |    27 |       ||    48
Dodge: Dodged            |    54 |    34 |    97 |   159 |    59 ||   403
Block: Other             |       |       |       |    38 |     4 ||    42

Table legend: (Time is in decaauts)
 A = Elapsed time spent in this place.
 B = Non-inter-level travel time spent in this place.
 C = Inter-level travel time spent in this place.
 D = Time resting spent in this place.
 E = Time spent auto-exploring this place.
 F = Levels seen in this place.
 G = Mean time per level.
                   A        B        C        D        E       F      G
               +--------+--------+--------+--------+--------+-----+--------+
         Total |   3844 |   3844 |      0 |     30 |      0 |  15 |  256.3 |
       Dungeon |   2738 |   2738 |      0 |      0 |      0 |   9 |  304.2 |
          Lair |    942 |    942 |      0 |     30 |      0 |   5 |  188.4 |
       Ossuary |    164 |    164 |      0 |      0 |      0 |   1 |  164.0 |
               +--------+--------+--------+--------+--------+-----+--------+

Top non-repeatable levels by time:
     D:6: 525 daAuts
  Lair:5: 458 daAuts
     D:8: 412 daAuts
     D:4: 318 daAuts
     D:5: 305 daAuts
     D:2: 299 daAuts
     D:7: 272 daAuts
     D:3: 221 daAuts
     D:9: 220 daAuts
  Lair:2: 200 daAuts
 Ossuary: 164 daAuts
     D:1: 162 daAuts
  Lair:1: 150 daAuts
  Lair:3: 82 daAuts
  Lair:4: 50 daAuts
